 Dungeon Crawl Stone Soup version 0.27-a0-1324-ge0d8e047f6 (webtiles) character file.

Game seed: 17545477347310624924

122 bobarctor the Grave Robber (level 4, -4/24 HPs)
             Began as a Deep Elf Necromancer on June 24, 2021.
             Slain by a river rat (7 damage)
             ... on level 4 of the Dungeon.
             The game lasted 00:13:24 (3726 turns).

bobarctor the Grave Robber (Deep Elf Necromancer)   Turns: 3726, Time: 00:13:25

Health: -4/24      AC:  2    Str:  5    XL:     4   Next: 78%
Magic:  2/13       EV: 12    Int: 21    God:
Gold:   93         SH:  0    Dex: 15    Spells: 4/13 levels left

rFire    . . .     SeeInvis .   c - +0 dagger
rCold    . . .     Faith    .   (no shield)
rNeg     . . .     Spirit   .   a - +0 robe
rPois    .         Reflect  .   (no helmet)
rElec    .         Harm     .   (no cloak)
rCorr    .         Rampage  .   (no gloves)
Will     .....                  (no boots)
Stlth    +.........             (no amulet)
HPRegen  0.08/turn              (no ring)
MPRegen  0.13/turn              (no ring)

@: very slow
A: no striking features
a: no special abilities


You were on level 4 of the Dungeon.
You visited 1 branch of the dungeon, and saw 4 of its levels.

You collected 93 gold pieces.

Inventory:

Hand Weapons
 c - a +0 dagger (weapon)
Missiles
 f - 45 stones (quivered)
 j - 6 atropa-tipped darts
 l - 22 arrows
Armour
 a - a +0 robe (worn)
Magical Staves
 i - a staff of earth
Jewellery
 n - a +6 ring of dexterity
Wands
 m - a wand of polymorph (4)
Scrolls
 e - 3 scrolls of identify
 k - 2 scrolls of teleportation {unknown}
Potions
 b - a potion of curing


   Skills:
 + Level 2.4 Dodging
 + Level 3.2 Stealth
 * Level 5.1 Spellcasting
 + Level 6.0 Necromancy


You had 4 spell levels left.
You knew the following spells:

 Your Spells              Type           Power      Damage    Failure   Level
a - Pain                  Necr           100%       1d9       1%          1
b - Animate Skeleton      Necr           60%        N/A       1%          1
c - Vampiric Draining     Necr           15%        2d8       2%          3
d - Animate Dead          Necr           15%        N/A       9%          4

Your spell library contained the following spells:

 Spells                   Type           Power      Damage    Failure   Level
 Apportation              Tloc           10%        N/A       11%         1
 Corona                   Hex            5%         N/A       11%         1
 Summon Small Mammal      Summ           20%        N/A       11%         1
 Agony                    Necr           30%        N/A       24%         5


Dungeon Overview and Level Annotations

Branches:
Dungeon (4/15)             Temple (0/1) D:4

Altars:
Trog

Annotations:
D:3 Sigmund


Message History

Your Spellcasting skill increases to level 5!
Things that are here:
a river rat corpse; a worm corpse An adder comes into view.
The adder hisses angrily.
A river rat comes into view.
You see here 2 javelins.
The adder bites you. x2
The adder bites you.
You are poisoned.
The adder poisons you! The adder bites you.
You are lethally poisoned!
The adder poisons you!
Things that are here:
a river rat corpse; a worm corpse
Casting: Pain (safe; 1% risk of failure)
Confirm with . or Enter, or press ? or * to list all spells.
Aiming: Vampiric Draining (dangerous; 2% risk of failure)
Press: ? - help, Shift-Dir - straight line, f - adder
Aim: an adder You draw life force from the adder.
You feel life coursing into your body.
You feel very sick. The adder closely misses you.
Casting: Vampiric Draining (dangerous; 2% risk of failure)
Confirm with . or Enter, or press ? or * to list all spells.
Aiming: Vampiric Draining (dangerous; 2% risk of failure)
Press: ? - help, Shift-Dir - straight line, f/p - adder
Aim: an adder (heavily wounded)
You draw life force from the adder!
You kill the adder!
You feel life coursing into your body.
You feel sick.
Your Stealth skill increases to level 3!
You hear the slow rusting of a drain very nearby.
You feel very sick.
You feel sick. The river rat closely misses you.
You feel sick.
You feel sick.
You are no longer poisoned.
The river rat bites you!
You die...

*,,,,,,*,*,*≈≈≈**≈*≈*
*,,,,,,*,,,*≈*≈##≈*≈*
***##..**#.*≈*≈#r≈*≈*
* #,.......*≈*≈#≈##≈*
##*.#...##.*≈#≈#≈≈≈≈*
...,<......*≈#(#(####
,,..##..##.*≈#(≈(≈†≈#
,,,,.....#.########≈#
######.#.##≈≈≈≈≈@r≈≈#
...........≈≈#≈#≈####*
.....<.#.#..≈.≈≈≈≈≈,,*
########.#....w.≈....*
.....†(..(.(.........#
########.#>####.###.##
..,,,,,#.#.# #...,.#
#*****,#.#.# #####,# #
*,#.#.# *,*


You could see a worm and a river rat.

Vanquished Creatures
  2 adders
  2 river rats (D:4)
  4 worms
  4 dart slugs
  4 ball pythons
  6 endoplasms
  2 giant cockroaches
  4 hobgoblins
  8 jackals
  2 quokkas (D:2)
  7 bats
  5 frilled lizards
  5 goblins
  5 kobolds
  6 rats
66 creatures vanquished.

Vanquished Creatures (others)
  A wizard (D:3)
1 creature vanquished.

Grand Total: 67 creatures vanquished

Notes
Turn   | Place    | Note
-------+----------+-------------------------------------------
     0 | D:1      | bobarctor the Deep Elf Necromancer began the quest for the
                  | Orb.
     0 | D:1      | Reached XP level 1. HP: 10/10 MP: 6/6
    27 | D:1      | Learned a level 1 spell: Animate Skeleton
    60 | D:1      | Reached skill level 5 in Necromancy
   240 | D:1      | Reached XP level 2. HP: 13/15 MP: 6/8
  1070 | D:1      | Reached XP level 3. HP: 14/19 MP: 4/10
  1368 | D:1      | Found a faded altar of an unknown god.
  1536 | D:2      | Learned a level 3 spell: Vampiric Draining
  1799 | D:2      | You fall into a shaft and drop 1 floor!
  2291 | D:2      | Reached XP level 4. HP: 23/24 MP: 10/12
  2360 | D:2      | You fall into a shaft and drop 1 floor!
  2360 | D:3      | Found a bloodstained altar of Trog.
  2361 | D:3      | Noticed a wizard
  2366 | D:3      | Killed a wizard
  2730 | D:2      | Reached skill level 6 in Necromancy
  2735 | D:2      | Learned a level 4 spell: Animate Dead
  3504 | D:3      | Noticed Sigmund
  3715 | D:4      | Reached skill level 5 in Spellcasting
  3726 | D:4      | Slain by a river rat

Illustrated notes

Levels and vault maps discovered:
D:1:      dpeg_arrival_short_road, layout_basic,
          ebering_ecumenical_altar_sacrificial, minmay_tetromino_t4
D:2:      layout_basic, chequers_serial_rivers_micro_d, st_stairs_2
D:3:      layout_basic, trog_wizard, uniq_natasha, uniq_sigmund
D:4:      layout_basic, minmay_temple_entry_crystal_x,
          lightli_sewer_entry_pipes, gammafunk_ghost_cemetery, serial_shops,
          nicolae_shop_stone

Skill      XL: |  1  2  3  4 |
---------------+-------------+-----
Necromancy     | 5 6 |  6.0
Spellcasting   | 4 5 |  5.1
Stealth        | 3 |  3.2
Dodging        | |  2.4

Action                   |  1- 3 |  4- 6 || total
-------------------------+-------+-------++-------
Melee: Dagger            |    13 |    23 ||    36
Throw: Javelin           |       |    11 ||    11
       Stone             |       |     1 ||     1
 Cast: Pain              |    69 |    28 ||    97
       Vampiric Draining |     3 |     8 ||    11
  Use: Scroll            |       |     3 ||     3
 Stab: Sleeping          |     1 |     3 ||     4
Armor: Robe              |     1 |     3 ||     4
Dodge: Dodged            |    14 |    16 ||    30

Table legend: (Time is in decaauts)
 A = Elapsed time spent in this place.
 B = Non-inter-level travel time spent in this place.
 C = Inter-level travel time spent in this place.
 D = Time resting spent in this place.
 E = Time spent auto-exploring this place.
 F = Levels seen in this place.
 G = Mean time per level.
                   A        B        C        D        E       F      G
               +--------+--------+--------+--------+--------+-----+--------+
         Total |   3744 |   3709 |     35 |    475 |   2693 |   4 |  936.0 |
       Dungeon |   3744 |   3709 |     35 |    475 |   2693 |   4 |  936.0 |
               +--------+--------+--------+--------+--------+-----+--------+

Top non-repeatable levels by time:
     D:2: 1623 daAuts
     D:1: 1433 daAuts
     D:3: 565 daAuts
     D:4: 121 daAuts
